 Dungeon Crawl Stone Soup version 0.22.1-1-ga44c0e56f4 (webtiles) character file.

1880 Reeggar the Shield-Bearer (level 8, -1/67 HPs)
             Began as a Demigod Fighter on Oct 28, 2018.
             Slain by an orc warrior
             ... wielding a +0 glaive
              (17 damage)
             ... on level 6 of the Dungeon.
             The game lasted 00:23:23 (6482 turns).

Reeggar the Shield-Bearer (Demigod Fighter)         Turns: 6482, Time: 00:23:24

Health: -1/67      AC: 15    Str: 23    XL:     8   Next: 60%
Magic:  13/14      EV:  5    Int: 12    God:
Gold:   234        SH: 11    Dex: 15    Spells: 7/7 levels left

rFire    . . .     SeeInvis .   e - +2 rapier (venom)
rCold    . . .     Gourm    .   c - +0 shield
rNeg     . . .     Faith    .   q - +2 plate armour
rPois    .         Spirit   .   (no helmet)
rElec    .         Reflect  .   (no cloak)
rCorr    .         Harm     .   k - +0 pair of gloves
MR       .....                  (no boots)
Stlth    ..........             (no amulet)
HPRegen  0.21/turn              (no ring)
MPRegen  0.14/turn              (no ring)

@: no status effects
A: high mp 1
a: no special abilities


You were on level 6 of the Dungeon.
You were not hungry.

You visited 1 branch of the dungeon, and saw 6 of its levels.

You collected 234 gold pieces.

Inventory:

Hand Weapons
 a - a +1 long sword
 e - a +2 rapier of venom (weapon)
Missiles
 j - 3 tomahawks (quivered)
 o - 4 javelins
Armour
 c - a +0 shield (worn)
 k - a +0 pair of gloves (worn)
 q - a +2 plate armour (worn)
Wands
 g - a wand of polymorph (17)
 n - a wand of acid (9)
Scrolls
 d - a scroll of identify
 i - 7 scrolls of remove curse
 p - 2 scrolls of fear {unknown}
 r - a scroll of teleportation
Potions
 l - 2 potions of curing
 m - 4 potions of agility
Comestibles
 b - 3 chunks of flesh
 f - 7 rations


   Skills:
 + Level 4.5 Fighting
 + Level 2.9(4.5) Short Blades
 + Level 5.3(5.7) Long Blades
 + Level 0.6 Throwing
 + Level 5.0 Armour
 - Level 0.4 Dodging
 + Level 5.6 Shields
 * Level 3.9 Evocations


You had 7 spell levels left.
You didn't know any spells.
Your spell library was empty.

Dungeon Overview and Level Annotations

Branches:
Dungeon (6/15)
 Temple: D:4-7


Innate Abilities, Weirdness & Mutations

You have an increased reservoir of magic. (+10% MP)


Message History

You block the hippogriff's attack.
The hippogriff pecks you but does no damage.
The hippogriff claws you but does no damage.
You block the orc warrior's attack.
You hit the hippogriff.
The hippogriff is severely wounded.
You block the hippogriff's attack.
The hippogriff pecks you but does no damage.
The hippogriff claws you but does no damage.
The orc warrior hits you from afar with a glaive!
* * * LOW HITPOINT WARNING * * *
You puncture the hippogriff!
You kill the hippogriff!
Your Armour skill increases to level 5!
The orc warrior hits you but does no damage.
You see here a hippogriff corpse.
You hit the orc warrior.
The orc warrior is poisoned.
The orc warrior is moderately wounded.
The orc warrior hits you with a glaive!
You die...

##### ....# .#
....# ..$
....### ....
.......
.....####o....>.
=.......@.......
.......<)[......
.......##†...≈≈≈
...((#. .#..≈!≈
.).. .. .#..≈≈≈
... #.. .. ....
## #.. .. ...
#.# ..# #.# #.
..#


You could see an orc warrior.

Vanquished Creatures
  Pikel (D:5)
  A hippogriff (D:6)
  Duvessa (D:5)
  2 slaves (D:5)
  An ogre (D:4)
  A centaur (D:5)
  A bullfrog (D:6)
  Dowan (D:5)
  A water moccasin skeleton (D:4)
  A howler monkey (D:4)
  2 crimson imps
  A hound (D:4)
  A centaur skeleton (D:5)
  3 orc priests
  6 orc wizards
  2 iguanas
  2 worker ants (D:4)
  A killer bee zombie (D:5)
  2 worker ant zombies (D:5)
  3 gnolls (D:4)
  8 adders
  An ooze (D:2)
  2 adder skeletons
  2 dart slugs (D:1)
  4 worms
  5 leopard geckos
  25 orcs
  A ball python (D:5)
  3 giant cockroaches
  5 hobgoblins
  4 quokkas
  8 bats
  3 frilled lizards
  6 goblins (D:1)
  3 kobolds (D:3)
  A quokka skeleton (D:5)
  A quokka zombie (D:5)
  9 rats
125 creatures vanquished.

Vanquished Creatures (others)
  An orc wizard (D:3)
1 creature vanquished.

Grand Total: 126 creatures vanquished

Notes
Turn   | Place    | Note
-------+----------+-------------------------------------------
     0 | D:1      | Reeggar the Demigod Fighter began the quest for the Orb.
     0 | D:1      | Reached XP level 1. HP: 18/18 MP: 3/3
   147 | D:1      | Reached XP level 2. HP: 22/25 MP: 4/4
   940 | D:2      | Found a sparkling altar of Nemelex Xobeh.
  1030 | D:2      | Reached XP level 3. HP: 26/30 MP: 5/5
  1482 | D:2      | Found a faded altar of an unknown god.
  2534 | D:3      | Reached XP level 4. HP: 31/38 MP: 6/6
  2964 | D:3      | Reached XP level 5. HP: 33/45 MP: 7/7
  3280 | D:4      | Noticed an ogre
  3515 | D:4      | Killed an ogre
  3756 | D:4      | Reached skill level 1 in Evocations
  3756 | D:4      | Reached XP level 6. HP: 51/51 MP: 9/9
  4363 | D:4      | Reached XP level 7. HP: 42/58 MP: 11/11
  4994 | D:5      | Entered Level 5 of the Dungeon
  5255 | D:5      | Noticed Pikel
  5274 | D:5      | Killed Pikel
  5274 | D:5      | Reached skill level 1 in Short Blades
  5274 | D:5      | Reached skill level 5 in Long Blades
  5274 | D:5      | Reached skill level 5 in Shields
  5438 | D:5      | Reached XP level 8. HP: 65/66 MP: 13/13
  5793 | D:5      | Noticed Duvessa
  5794 | D:5      | Noticed Dowan
  5806 | D:5      | Killed Duvessa
  5816 | D:5      | Killed Dowan
  5913 | D:5      | Found a stormy altar of Qazlal.
  6276 | D:6      | Noticed a hippogriff
  6480 | D:6      | Killed a hippogriff
  6480 | D:6      | Reached skill level 5 in Armour
  6482 | D:6      | Slain by an orc warrior

Skill      XL: |  1  2  3  4  5  6  7  8 |
---------------+-------------------------+-----
Long Blades    | 2 3 4 5 |  5.3
Shields        | 3 4 5 |  5.6
Armour         | 3 4 5 |  5.0
Fighting       | 3 4 |  4.5
Evocations     | 1 2 3 |  3.9
Short Blades   | 1 2 |  2.9
Throwing       | |  0.6
Dodging        | |  0.4

Action                   |  1- 3 |  4- 6 |  7- 9 || total
-------------------------+-------+-------+-------++-------
Melee: Long sword        |   152 |   226 |    31 ||   409
       Rapier            |       |       |   152 ||   152
Throw: Tomahawk          |    10 |     6 |       ||    16
       Javelin           |     2 |     5 |       ||     7
  Use: Scroll            |     6 |     3 |     4 ||    13
       Potion            |       |     2 |       ||     2
  Eat: Chunk             |     5 |     3 |     4 ||    12
       Ration            |       |     1 |     1 ||     2
Armor: Scale mail        |    35 |       |       ||    35
       Plate armour      |    73 |   130 |   123 ||   326
Dodge: Dodged            |    59 |    43 |    39 ||   141
Block: Shield            |   114 |   112 |   114 ||   340
       Rpst.: Long sword |    17 |     9 |       ||    26
